AoeStats
← Iceman

Arabia

509635103Analyzed
1v1 RM · 6d ago on Sep 27, 2026· 191m 14s· 2 players
Game mode
Random Map
Map size
Tiny (2 player)
Population
200
Speed
Normal
Resources
Standard
Victory
Conquest
Starting age
Dark Age
Ending age
Imperial Age
RankedLock teamsTeams togetherTeam positionsShared explorationLock speedFull tech treeHidden civsTurbo modeCheats
Victory
Defeat
🇧🇷 Vietnamese · Brazil
1099
+15
🇧🇷 Khmer · Brazil
1087
-15
Iceman
7:24 Loom
9:36 Feudal Age
17:18 Bloodlines
19:26 Fletching
19:41 Padded Archer Armor
19:53 Forging
19:49 Scale Barding Armor
24:32 Castle Age
22:31 Double-Bit Axe
23:36 Gold Mining
23:32 Horse Collar
26:00 Chain Barding Armor
25:38 Crossbowman
27:09 Gold Shaft Mining
26:57 Bodkin Arrow
27:20 Heavy Plow
27:48 Bow Saw
28:53 Iron Casting
31:01 Elite Skirmisher
32:35 Wheelbarrow
33:00 Husbandry
32:21 Light Cavalry
34:56 Stone Mining
35:40 Hand Cart
38:54 Imperial Age
39:09 Cavalier
40:26 Plate Barding Armor
41:30 Blast Furnace
43:45 Bracer
44:01 Leather Archer Armor
47:08 Chemistry
46:29 Ballistics
47:28 Scale Mail Armor
47:59 Ring Archer Armor
49:21 Chain Mail Armor
49:16 Hussar
54:03 Arbalester
88:33 Pikeman
89:02 Arson
109:13 Crop Rotation
130:54 Halberdier
_Cactus_
7:01 Loom
10:50 Feudal Age
11:39 Double-Bit Axe
11:36 Horse Collar
20:14 Castle Age
18:24 Fletching
19:04 Padded Archer Armor
20:27 Wheelbarrow
20:36 Crossbowman
23:12 Bow Saw
26:18 Town Watch
26:49 Hand Cart
27:46 Bodkin Arrow
28:09 Heavy Plow
30:53 Ballistics
32:26 Thumb Ring
38:49 Imperial Age
37:14 Leather Archer Armor
37:00 Scale Mail Armor
37:11 Forging
37:04 Squires
36:50 Arson
38:24 Gold Mining
38:25 Stone Mining
40:36 Chemistry
39:42 Bracer
40:13 Ring Archer Armor
40:21 Iron Casting
40:14 Chain Mail Armor
40:54 Paper Money
41:41 Two-Man Saw
41:28 Masonry
40:43 Capped Ram
42:05 Town Patrol
41:44 Pikeman
41:53 Elite Rattan Archer
42:23 Elite Fire Lancer
42:50 Halberdier
45:37 Stone Shaft Mining
52:07 Scale Barding Armor
52:36 Plate Mail Armor
53:21 Light Cavalry
54:14 Bloodlines
54:05 Husbandry
54:43 Chain Barding Armor
55:59 Plate Barding Armor
71:32 Siege Engineers
85:30 Cavalier
96:39 Herbal Medicine
109:16 Crop Rotation
119:52 Elite Skirmisher
121:00 Imperial Skirmisher
143:54 Elite Battle Elephant
144:40 Chatras
190:38 Spies/Treason
Connection lost

Rejoining the realm…

Still unreachable

The connection could not be restored.

Session expired

The server has moved on; the page needs a fresh start.